 Dungeon Crawl Stone Soup version 0.28-a0-730-g892d06dc2c (webtiles) character file.

Game seed: 11487893218428444890

141 sanka the Chopper (level 5, -2/43 HPs)
             Began as a Palentonga Abyssal Knight on Oct 28, 2021.
             Was a Believer of Lugonu.
             Slain by a kobold brigand (4 damage)
             ... in a sewer.
             The game lasted 00:04:46 (3156 turns).

sanka the Chopper (Palentonga Abyssal Knight)       Turns: 3156, Time: 00:04:47

Health: -2/43      AC:  4    Str: 18    XL:     5   Next: 3%
Magic:  6/6        EV:  9    Int: 10    God:    Lugonu [**....]
Gold:   88         SH:  4    Dex: 10    Spells: 4/4 levels left

rFire   . . .      SeeInvis +   a - +1 hand axe
rCold   . . .      Faith    .   c - +0 buckler
rNeg    . . .      Spirit   .   b - +0 leather armour
rPois   .          Reflect  .   (no helmet)
rElec   .          Harm     .   (no cloak)
rCorr   .          Rampage  .   (no gloves)
Will    .....                   (no barding)
Stlth   +.........              (no amulet)
HPRegen 0.14/turn               (no ring)
MPRegen 0.10/turn               (no ring)

@: slowed, very slow
A: large, rugged brown scales 3, see invisible, deformed body, roll 1, armoured
tail
a: Rolling Charge, Renounce Religion, Depart the Abyss, Bend Space


You were in a sewer.
You worshipped Lugonu.
Lugonu was pleased with you.
You visited 1 branch of the dungeon, and saw 3 of its levels.
You visited the Abyss 1 time.
You also visited: Sewer.

You collected 88 gold pieces.


Innate Abilities, Weirdness & Mutations

You are completely covered in rugged brown scales. (AC +3, +7% HP)
You have supernaturally acute eyesight. (SInv)
Armour fits poorly on your strangely shaped body.
You can roll at nearby foes to attack.
You have a long armoured tail.


   Skills:
 - Level 3.0 Fighting
 + Level 4.2 Axes
 - Level 1.5 Armour
 - Level 0.7 Dodging
 + Level 2.3 Shields
 - Level 2.0 Invocations


You had 4 spell levels left.
You didn't know any spells.
Your spell library was empty.

Inventory:

Hand Weapons
 a - a +1 hand axe (weapon)
Missiles
 d - 19 poisoned darts
Armour
 b - a +0 leather armour (worn)
 c - a +0 buckler (worn)
Scrolls
 f - 4 scrolls of teleportation {unknown}
 h - a scroll of vulnerability {unknown}
 i - a scroll of immolation {unknown}
 j - a scroll of amnesia {unknown}
Potions
 e - a potion of flight {unknown}

Dungeon Overview and Level Annotations

Branches:
Dungeon (3/15)              Sewer (1/1)

Altars:

≈≈≈ ≈≈≈≈≈≈≈≈≈≈≈≈≈≈≈≈≈†≈≈≈▒
≈≈≈ ≈≈≈≈≈≈≈≈≈≈≈≈≈≈≈≈≈≈≈≈≈▒
≈ ≈≈≈≈≈≈≈≈≈≈≈≈≈≈≈≈≈≈≈≈≈▒
▒▒▒▒▒▒▒≈≈≈▒▒▒▒▒▒▒▒▒▒▒▒▒▒▒▒▒
≈...P≈≈P≈≈≈≈P....▒....▒
≈.fP≈≈..≈≈≈≈.....'..∩!▒
......P...P......'.!..▒
...............K)▒
................H▒
...†.†........P.▒▒
.....▒▒.........▒
▒...▒▒▒▒..▒▒▒▒▒▒▒ ▒▒▒▒▒
▒▒▒▒


You could see a kobold brigand.


Message History

The kobold brigand barely misses you.
You closely miss the kobold brigand.
The kobold brigand is heavily wounded.
The kobold brigand barely misses you. The kobold brigand barely misses you.
You hit the kobold brigand.
Your tail-slap misses the kobold brigand.
The kobold brigand is heavily wounded.
You block the kobold brigand's attack. The kobold brigand barely misses you.
You closely miss the kobold brigand.
The kobold brigand is heavily wounded.
The kobold brigand hits you with a +0 club!
* * * LOW HITPOINT WARNING * * *
The kobold brigand barely misses you.
The kobold brigand hits you with a +0 club.
* * * LOW HITPOINT WARNING * * *
You slash the kobold brigand!
The kobold brigand is severely wounded.
The kobold brigand hits you with a +0 club.
* * * LOW HITPOINT WARNING * * *
You hit the kobold brigand but do no damage.
The kobold brigand is severely wounded.
The kobold brigand hits you with a +0 club.
* * * LOW HITPOINT WARNING * * *
The kobold brigand completely misses you.
You barely miss the kobold brigand.
The kobold brigand is severely wounded.
The kobold brigand hits you with a +0 club.
You die...

Action                   |  1- 3 |  4- 6 || total
-------------------------+-------+-------++-------
Melee: Hand axe          |   120 |    42 ||   162
       Tailslap          |     7 |     6 ||    13
  Use: Potion            |       |     3 ||     3
 Stab: Sleeping          |     2 |       ||     2
Armor: Leather armour    |    41 |    12 ||    53
Dodge: Dodged            |    41 |    19 ||    60
Block: Buckler           |    14 |    14 ||    28

Levels and vault maps discovered:
D:1:      kennysheep_arrival_seaside, layout_loops_ring,
          dreamdust_ecumenical_altar_drowned_temple, minmay_box_of_dots
D:2:      layout_loops_corners, palyth_stone_intersect, lemuel_old_faithful
D:3:      layout_basic, demons_altar, portal_sewer_entry_a, uniq_natasha
Sewer:    kennysheep_pipe_town

Notes
Turn   | Place    | Note
-------+----------+-------------------------------------------
     0 | Abyss:1  | sanka the Palentonga Abyssal Knight began the quest for the
                  | Orb.
     0 | Abyss:1  | Reached XP level 1. HP: 19/19 MP: 2/2
    19 | D:1      | Escaped the Abyss
   373 | D:1      | Reached XP level 2. HP: 25/25 MP: 3/3
   599 | D:1      | Found a faded altar of an unknown god.
   740 | D:1      | Reached skill level 3 in Axes
  1332 | D:2      | Reached skill level 1 in Shields
  1332 | D:2      | Reached XP level 3. HP: 12/31 MP: 4/4
  2141 | D:2      | Reached ** piety under Lugonu
  2732 | D:3      | Reached XP level 4. HP: 25/37 MP: 5/5
  2758 | D:3      | Noticed Natasha
  2763 | D:3      | Killed Natasha
  2764 | D:3      | Reached skill level 4 in Axes
  2764 | D:3      | Reached skill level 2 in Shields
  2853 | D:3      | Found a glowing drain.
  2978 | Sewer    | Entered a sewer
  3119 | Sewer    | Reached XP level 5. HP: 43/43 MP: 6/6
  3155 | Sewer    | HP: 2/43 [kobold brigand (5)]
  3156 | Sewer    | Slain by a kobold brigand

Vanquished Creatures
  A centaur skeleton (D:3)
  Natasha (D:3)
  An adder (D:2)
  A river rat (D:3)
  2 worms (D:2)
  4 ball pythons
  4 bats
  8 endoplasms
  11 giant cockroaches
  A goblin (D:2)
  3 hobgoblins
  6 kobolds
  3 quokkas
  5 frilled lizards
  6 rats
  A spectral kobold (D:1)
58 creatures vanquished.

Vanquished Creatures (others)
  3 plants
3 creatures vanquished.

Grand Total: 61 creatures vanquished
